 Dungeon Crawl Stone Soup version 0.20.1-1-g8b1a95d (webtiles) character file.

102 vineage the Slasher (level 4, -2/33 HPs)
             Began as a Demonspawn Gladiator on Sept 22, 2017.
             Was an Initiate of Okawaru.
             Slain by a gnoll (7 damage)
             ... on level 3 of the Dungeon.
             The game lasted 00:03:37 (2026 turns).

vineage the Slasher (Demonspawn Gladiator)          Turns: 2026, Time: 00:03:38

Health: -2/33      AC:  4    Str: 13 (15) XL:     4   Next: 49%
Magic:  4/4        EV: 13    Int:  7 (10) God:    Okawaru [......]
Gold:   67         SH:  0    Dex: 15 (16) Spells: 3/3 levels left

rFire    . . .     SeeInvis .   a - +0 long sword
rCold    . . .     Gourm    .   (no shield)
rNeg     . . .     Faith    .   b - +0 leather armour
rPois    .         Spirit   .   h - +0 helmet
rElec    .         Reflect  .   (no cloak)
rCorr    .         Harm     .   (no gloves)
MR       .....                  (no boots)
Stlth    ++........             (no amulet)
Regen    0.2/turn               (no ring)
MPRegen  0.1/turn               (no ring)

@: flying
A: thin skeletal structure 1
a: Renounce Religion


You were on level 3 of the Dungeon.
You worshipped Okawaru.
Okawaru was noncommittal.
You were hungry.

You visited 1 branch of the dungeon, and saw 3 of its levels.

You collected 67 gold pieces.

Inventory:

Hand Weapons
 a - a +0 long sword (weapon)
Missiles
 d - 3 throwing nets (quivered)
Armour
 b - a +0 leather armour (worn)
 c - a +0 helmet
 h - a +0 helmet (worn)
Scrolls
 m - a scroll of magic mapping
Comestibles
 f - a bread ration
 g - 2 meat rations
 k - a royal jelly


   Skills:
 + Level 2.2 Fighting
 + Level 3.8 Long Blades
 + Level 1.9 Throwing
 + Level 1.0 Armour
 + Level 3.3 Dodging
 + Level 1.0 Stealth


You had 3 spell levels left.
You didn't know any spells.

Dungeon Overview and Level Annotations

Branches:
Dungeon (3/15)

Altars:
Dithmenos
Okawaru
Sif Muna
The Shining One


Innate Abilities, Weirdness & Mutations

You have a somewhat thin skeletal structure. (Dex +2, Stealth)


Message History

You hit the gnoll but do no damage.
The gnoll is moderately wounded.
The gnoll hits you.
* * * LOW HITPOINT WARNING * * *
The gnoll closely misses you.
You barely miss the gnoll.
The gnoll is moderately wounded.
The gnoll hits you but does no damage. The gnoll closely misses you.
You hit the gnoll.
The gnoll is severely wounded.
The gnoll misses you. The gnoll closely misses you.
You hit the gnoll.
The gnoll is almost dead.
The gnoll closely misses you. x2
You hit the gnoll but do no damage.
The gnoll is almost dead.
The gnoll closely misses you.
You riposte.
You barely miss the gnoll.
The gnoll is severely wounded.
The gnoll barely misses you. The gnoll hits you!
You die...

### .. ..# ##..###
############ .......
...........# .._ยง...
..........l###......Z
.......<..gg@.....#
w.g.......w######..#
..........?#
####....#+## #....#
#....# #(...+ #.....


You could see a worm, 2 gnolls and a frilled lizard.

Vanquished Creatures
  2 gnolls
  2 adders (D:2)
  2 oozes (D:2)
  A worm (D:2)
  A dart slug (D:2)
  2 leopard geckos (D:2)
  An orc (D:2)
  2 giant cockroaches (D:1)
  5 hobgoblins
  10 jackals (D:1)
  6 kobolds
  2 bats
  3 frilled lizards
  4 goblins
  3 rats (D:1)
46 creatures vanquished.

Notes
Turn   | Place    | Note
-------+----------+-------------------------------------------
     0 | D:1      | vineage the Demonspawn Gladiator began the quest for the Orb.
     0 | D:1      | Reached XP level 1. HP: 16/16 MP: 1/1
    55 | D:1      | Gained mutation: You have a somewhat thin skeletal structure. (Dex +2, Stealth) [demonic ancestry]
    55 | D:1      | Reached XP level 2. HP: 17/22 MP: 2/2
   673 | D:1      | Reached XP level 3. HP: 26/27 MP: 3/3
   796 | D:2      | Found a deep blue altar of Sif Muna.
   796 | D:2      | Found a shadowy altar of Dithmenos.
   796 | D:2      | Found a glowing golden altar of the Shining One.
  1344 | D:2      | Found an iron altar of Okawaru.
  1361 | D:2      | Reached XP level 4. HP: 12/33 MP: 4/4
  1369 | D:2      | Became a worshipper of Warmaster Okawaru
  1994 | D:3      | Found a shadowy altar of Dithmenos.
  2006 | D:3      | Reached skill level 1 in Armour
  2006 | D:3      | Reached skill level 1 in Stealth
  2026 | D:3      | Slain by a gnoll

Skill      XL: |  1  2  3  4 |
---------------+-------------+-----
Dodging        | 3 |  3.3
Long Blades    | 3 |  3.8
Armour         | 1 |  1.0
Stealth        | 1 |  1.0
Fighting       | |  2.2
Throwing       | |  1.9

Action                   |  1- 3 |  4- 6 || total
-------------------------+-------+-------++-------
Melee: Long sword        |   123 |    43 ||   166
  Use: Potion            |       |     5 ||     5
       Scroll            |       |     2 ||     2
 Stab: Sleeping          |     1 |     1 ||     2
  Eat: Chunk             |     1 |     2 ||     3
Armor: Leather armour    |    41 |     6 ||    47
Dodge: Dodged            |   148 |    44 ||   192
       Rpst.: Long sword |    30 |    11 ||    41
